 Dungeon Crawl Stone Soup version 0.29-a0-1033-gb6c65ffae6 (webtiles) character file.

Game seed: 7933905996569538095

62 Sabo the Trooper (level 3, 0/29 HPs)
             Began as a Demonspawn Berserker on Aug 14, 2022.
             Was a Follower of Trog.
             Slain by a gnoll
             ... wielding a +0 spear
              (5 damage)
             ... on level 2 of the Dungeon.
             The game lasted 00:05:32 (1680 turns).

Sabo the Trooper (Demonspawn Berserker)             Turns: 1680, Time: 00:05:33

Health: 0/29       AC:  4    Str: 19    XL:     3   Next: 85%
Magic:  3/3        EV: 12    Int:  8    God:    Trog [*.....]
Gold:   18         SH:  0    Dex: 12    Spells: 2/2 levels left

rFire   . . .      SeeInvis .   a - +0 hand axe
rCold   . . .      Faith    .   (no shield)
rNeg    . . .      Spirit   .   i - +0 leather armour
rPois   .          Reflect  .   (no helmet)
rElec   .          Harm     .   (no cloak)
rCorr   .          Rampage  .   k - +0 pair of gloves
Will    .....                   (no boots)
Stlth   +.........              (no amulet)
HPRegen 0.09/turn               (no ring)
MPRegen 0.08/turn               (no ring)

@: about to teleport
A: spiny 1
a: Renounce Religion, Berserk


You were on level 2 of the Dungeon.
You worshipped Trog.
Trog was aware of your devotion.
You visited 1 branch of the dungeon, and saw 2 of its levels.

You collected 18 gold pieces.

Inventory:

Hand Weapons
 a - a +0 hand axe (weapon)
Armour
 i - a +0 leather armour (worn)
 k - a +0 pair of gloves (worn)
Scrolls
 d - a scroll of enchant weapon {unknown}
 e - a scroll of identify {unknown}
 g - a scroll of fear {unknown}
 j - a scroll of vulnerability {unknown}
Potions
 b - a potion of haste {unknown}
 f - a potion of degeneration {unknown}
 h - a potion of flight {unknown}


   Skills:
 + Level 3.6 Fighting
 + Level 3.5 Axes
 + Level 2.0 Armour
 + Level 2.1 Dodging
 + Level 0.5 Stealth


You had 2 spell levels left.
You didn't know any spells.
Your spell library was empty.

Dungeon Overview and Level Annotations

Branches:
Dungeon (2/15)

Altars:


Innate Abilities, Weirdness & Mutations

You are partially covered in sharp spines.


Message History

You hit the gnoll.
The gnoll is heavily wounded.
The gnoll is struck by your spines. The gnoll closely misses you.
You hit the gnoll.
The gnoll is almost dead.
The gnoll hits you with a +0 spear.
A gnoll comes into view. It is wielding a +0 spear.
You barely miss the gnoll.
The gnoll is almost dead.
The gnoll is struck by your spines.
You kill the gnoll!
Trog accepts your kill.
You can no longer call upon Trog for regeneration and willpower.
The gnoll hits you with a +0 spear.
You closely miss the gnoll. The gnoll misses you.
The gnoll is struck by your spines. The gnoll closely misses you.
You hit the gnoll but do no damage.
The gnoll is lightly wounded.
The gnoll barely misses you. x2
You hit the gnoll.
The gnoll is moderately wounded.
The gnoll barely misses you. The gnoll hits you with a +0 spear.
The gnoll hits you with a +0 spear! The gnoll closely misses you.
You hit the gnoll.
The gnoll is heavily wounded.
The gnoll hits you with a +0 spear. The gnoll barely misses you.
You hit the gnoll but do no damage.
The gnoll is heavily wounded.
The gnoll hits you with a +0 spear.
The gnoll hits you from afar with a +0 spear.
* * * LOW HITPOINT WARNING * * *
You slash the gnoll!
You kill the gnoll!
Trog accepts your kill. The gnoll completely misses you.
Your Armour skill increases to level 2!
As you read the scroll of teleportation, it crumbles to dust.
You feel strangely unstable.
The gnoll hits you from afar with a +0 spear.
You die...

####.#########
.......gg)@..#
g....#######.#
### #.# #.#
#.# ##.# #..#
#.## #.#


You could see 2 gnolls.

Vanquished Creatures
  2 gnolls (D:2)
  An adder (D:2)
  2 dart slugs (D:1)
  2 giant cockroaches
  A goblin (D:1)
  A hobgoblin (D:1)
  6 jackals (D:1)
  7 ball pythons
  10 frilled lizards (D:1)
32 creatures vanquished.

Notes
Turn   | Place    | Note
-------+----------+-------------------------------------------
     0 | D:1      | Sabo the Demonspawn Berserker began the quest for the Orb.
     0 | D:1      | Reached XP level 1. HP: 18/18 MP: 1/1
   184 | D:1      | Found a faded altar of an unknown god.
   530 | D:1      | Gained mutation: You are partially covered in sharp spines.
                  | [demonic ancestry]
   530 | D:1      | Reached XP level 2. HP: 24/24 MP: 2/2
  1030 | D:1      | Reached XP level 3. HP: 29/29 MP: 3/3
  1404 | D:2      | Reached ** piety under Trog
  1680 | D:2      | Slain by a gnoll

Illustrated notes

Levels and vault maps discovered:
D:1:      lemuel_arrival_behind_the_door_small, layout_basic,
          ebering_ecumenical_altar_petrified, ebering_dispersal_statue_hall,
          glass_columns_b, corexii_leaking_fountain, minmay_lizard_pond
D:2:      layout_loops_ring, basic_altar

Skill      XL: |  1  2  3 |
---------------+----------+-----
Axes           | 3 |  3.5
Dodging        | 2 |  2.1
Armour         | 2 |  2.0
Fighting       | |  3.6
Stealth        | |  0.5

Action                   || total
-------------------------++-------
Melee: Hand axe          ||    56
  Use: Scroll            ||     2
Armor: Animal skin       ||     7
       Leather armour    ||     1
Dodge: Dodged            ||    39

Table legend: (Time is in decaauts)
 A = Elapsed time spent in this place.
 B = Non-inter-level travel time spent in this place.
 C = Inter-level travel time spent in this place.
 D = Time resting spent in this place.
 E = Time spent auto-exploring this place.
 F = Levels seen in this place.
 G = Mean time per level.
                   A        B        C        D        E       F      G
               +--------+--------+--------+--------+--------+-----+--------+
         Total |   1688 |   1688 |      0 |    696 |      0 |   2 |  844.0 |
       Dungeon |   1688 |   1688 |      0 |    696 |      0 |   2 |  844.0 |
               +--------+--------+--------+--------+--------+-----+--------+

Top non-repeatable levels by time:
     D:1: 1323 daAuts
     D:2: 365 daAuts
